Map: Magannatha LE

Players

KimChiStew - Winner!

  • Race: Terran Terran
  • League: Master
  • Spawn Location: 11:00

ExacT

  • Race: Zerg Zerg
  • League: Master
  • Spawn Location: 5:00

VOD

Have the link to the VOD?

Description

Time

  • Played on: Oct. 31, 2025, 11:06 p.m.
  • Length: 11:29
Show
View Real Time Build Order
Export as new Build Order

KimChiStew Terran - Winner!

Build Orders:  

Get SALT Encoding   

  12  0:01  SCV  
  13  0:13  SCV  
  14  0:17  Supply Depot  
  14  0:25  SCV  
  15  0:39  SCV  
  15  0:40  Barracks  
  16  0:45  Refinery  
  16  0:51  SCV  
  16  1:18  SCV  
  17  1:35  Orbital Command  
  17  1:40  Marine  
  18  1:48  Bunker  
  18  1:51  Supply Depot  
  18  1:53  Factory  
  18  1:55  Refinery  
  18  2:04  Bunker, SCV  
  19  2:10  Marine  
  20  2:16  SCV  
  21  2:28  Marine, SCV  
  23  2:40  SCV  
  24  2:46  Marine  
  24  2:48  Hellion  
  27  3:09  Hellion  
  26  3:46  Factory Tech Lab  
  26  3:48  SCV  
  26  3:50  Starport  
  26  3:55  Command Center  
  27  3:59  Barracks  
  27  4:01  SCV  
  28  4:03  Barracks  
  28  4:04  Barracks Reactor  
  28  4:13  SCV  
  29  4:25  SCV  
  30  4:34  Starport Tech Lab  
  30  4:37  SCV  
  31  4:49  Supply Depot  
  31  4:58  Cloaking Field  
  31  5:01  Supply Depot  
  31  5:06  Marine x2, Banshee  
  40  5:07  Siege Tank, SCV  
  40  5:12  Supply Depot  
  40  5:17  Marine  
  40  5:18  Marine  
  40  5:19  SCV  
  43  5:29  Orbital Command  
  43  5:33  SCV  
  44  5:36  Engineering Bay  
  44  5:37  Engineering Bay  
  44  5:46  Refinery, SCV  
  44  5:49  Refinery, Banshee  
  48  5:58  SCV  
  48  6:01  SCV  
  50  6:10  SCV  
  51  6:13  SCV  
  52  6:20  Command Center  
  52  6:22  SCV  
  52  6:25  Supply Depot, SCV  
  53  6:32  Barracks Reactor  
  54  6:34  SCV  
  54  6:39  Stimpack  
  55  6:40  Marine  
  55  6:42  Hellion x2  
  55  6:43  Starport Reactor  
  55  6:44  SCV  
  61  6:56  Marine, SCV  
  61  6:58  Marine, SCV  
  61  6:59  Terran Infantry Weapons Level 1, Terran Infantry Armor Level 1  
  65  7:05  Armory  
  65  7:08  SCV  
  66  7:14  Marine, Missile Turret  
  67  7:15  Missile Turret  
  67  7:16  Marine, SCV  
  67  7:20  SCV, Missile Turret  
  67  7:22  Missile Turret  
  70  7:31  Missile Turret, Hellion  
  70  7:32  SCV  
  70  7:33  SCV  
  75  7:38  Orbital Command  
  74  7:44  SCV  
  74  7:46  SCV  
  74  7:50  Supply Depot  
  76  7:56  Terran Vehicle And Ship Armor Level 1  
  76  7:57  Medivac x2, Missile Turret  
  80  7:59  SCV  
  81  8:10  Barracks  
  81  8:11  Barracks  
  81  8:12  Barracks  
  81  8:14  Barracks  
  81  8:17  Supply Depot  
  81  8:27  Supply Depot  
  81  8:28  Supply Depot  
  81  8:42  Orbital Command  
  81  8:56  Supply Depot x2  
  81  8:59  Supply Depot  
  81  9:00  Barracks Reactor x2  
  81  9:01  Barracks Reactor  
  81  9:05  Terran Infantry Armor Level 2, Terran Infantry Weapons Level 2  
  81  9:07  Siege Tank  
  81  9:08  Marine x3, Barracks Reactor  
  81  9:09  Medivac x2  
  91  9:18  SCV  
  91  9:19  SCV x2  
  94  9:27  Combat Shield  
  94  9:28  Marine x5  
  94  9:30  SCV  
  100  9:37  Supply Depot x2  
  100  9:39  Siege Tank, Medivac x2  
  100  9:40  Missile Turret  
  100  9:41  Marine x3  
  100  9:42  Marine x3  
  113  9:46  Marine x5  
  113  9:49  Marine x2  
  120  9:54  SCV x3  
  120  9:59  Marine x4  
  126  10:00  Marine  
  126  10:01  Marine  
  126  10:03  Marine x2  
  126  10:04  Marine x3  
  134  10:07  Marine x2  
  136  10:17  Marine x5  
  142  10:21  Marine x4  
  142  10:22  Marine  
  142  10:25  Marine x2  
  142  10:27  Missile Turret  
  149  10:29  Marine  
  149  10:30  Missile Turret  
  149  10:35  Marine x4  
  149  10:39  Marine x5  
  151  10:43  Marine x2  
  151  10:47  Marine  
  146  11:00  Marine  
  146  11:01  Marine x10  
  157  11:05  Marine  
Show
View Real Time Build Order
Export as new Build Order

ExacT Zerg 

Build Orders: Hatch First 

Get SALT Encoding   

  12  0:00  Drone  
  13  0:12  Overlord  
  13  0:17  Drone  
  14  0:28  Drone, Extractor  
  14  0:30  Drone  
  17  0:35  Drone  
  17  0:47  Drone  
  18  0:56  Drone  
  19  1:07  Drone  
  20  1:14  Hatchery  
  19  1:19  Spawning Pool  
  19  1:20  Drone  
  19  1:28  Drone  
  19  1:31  Extractor  
  19  1:45  Hatchery  
  19  1:46  Drone  
  19  1:54  Overlord  
  19  2:01  Drone  
  20  2:08  Queen  
  20  2:14  Zergling x2  
  23  2:25  Queen  
  23  2:28  Zergling x2  
  26  2:30  Drone  
  26  2:32  Drone  
  28  2:38  Drone  
  29  2:49  Zergling x2  
  29  2:54  Spine Crawler  
  28  3:00  Zergling x2, Extractor  
  28  3:02  Drone x2  
  32  3:06  Spine Crawler  
  32  3:09  Zergling x2  
  32  3:11  Drone x2  
  32  3:12  Drone  
  32  3:22  Drone x2  
  32  3:26  Zergling x2  
  34  3:27  Queen  
  34  3:31  Overlord  
  36  3:39  Overlord  
  35  3:46  Evolution Chamber  
  34  3:50  Roach Warren  
  34  3:52  Spine Crawler  
  34  3:53  Drone  
  33  3:57  Lair  
  33  4:02  Drone  
  34  4:04  Metabolic Boost  
  34  4:10  Drone, Spore Crawler  
  34  4:12  Drone  
  34  4:14  Drone  
  37  4:17  Drone  
  37  4:18  Drone  
  37  4:21  Drone  
  37  4:23  Drone  
  40  4:36  Drone x4  
  44  4:39  Overlord  
  44  4:44  Drone  
  44  4:45  Drone  
  46  4:47  Drone  
  46  4:50  Queen  
  49  4:54  Spore Crawler  
  48  5:02  Pneumatized Carapace  
  48  5:03  Extractor  
  48  5:04  Overlord, Extractor  
  48  5:05  Overlord  
  46  5:08  Drone x2  
  46  5:09  Zergling x2  
  49  5:20  Drone  
  49  5:21  Spire  
  49  5:26  Queen  
  51  5:31  Hatchery  
  50  5:39  Spore Crawler  
  50  5:40  Drone x2  
  50  5:41  Spore Crawler  
  50  5:51  Drone x3  
  50  5:53  Drone x2  
  50  5:54  Drone  
  56  6:01  Zergling x6  
  56  6:02  Hatchery  
  58  6:05  Roach  
  58  6:09  Queen  
  62  6:11  Extractor  
  62  6:13  Overlord  
  62  6:15  Overseer  
  62  6:17  Overlord  
  61  6:20  Overlord  
  60  6:27  Zergling x4  
  60  6:30  Roach x2  
  60  6:31  Zerg Flyer Weapons Level 1  
  66  6:39  Drone  
  68  6:40  Drone  
  68  6:46  Roach x4  
  76  6:54  Roach  
  76  6:55  Roach x3  
  84  7:04  Roach x4  
  92  7:12  Drone  
  92  7:13  Drone x3, Overlord  
  96  7:20  Mutalisk  
  96  7:21  Mutalisk  
  100  7:29  Drone  
  102  7:30  Drone  
  102  7:40  Drone  
  102  7:43  Hatchery  
  102  7:44  Drone x6  
  103  7:46  Mutalisk  
  110  7:53  Extractor  
  110  7:56  Extractor  
  108  8:07  Drone x2  
  108  8:08  Drone  
  111  8:13  Baneling Nest  
  111  8:14  Drone  
  111  8:15  Overlord  
  111  8:16  Overlord  
  111  8:17  Overlord  
  111  8:18  Overlord x2  
  111  8:25  Zerg Flyer Weapons Level 2  
  111  8:28  Spine Crawler  
  111  8:31  Drone, Spine Crawler x2  
  111  8:32  Drone, Spore Crawler  
  109  8:37  Spore Crawler  
  108  8:44  Mutalisk x4  
  116  8:54  Evolution Chamber  
  116  8:55  Drone, Spine Crawler  
  114  8:56  Mutalisk  
  114  8:57  Spore Crawler  
  114  8:59  Zergling x2  
  114  9:00  Zergling x4  
  114  9:01  Drone x2  
  114  9:02  Drone x3  
  124  9:03  Drone  
  124  9:06  Centrifugal Hooks  
  125  9:10  Mutalisk  
  127  9:21  Drone x3  
  127  9:22  Drone x6  
  127  9:23  Drone, Extractor  
  136  9:24  Extractor  
  136  9:25  Drone  
  136  9:26  Drone  
  136  9:28  Drone  
  136  9:29  Drone  
  139  9:33  Zerg Ground Armor Level 1  
  139  9:43  Mutalisk x3  
  145  9:48  Drone  
  145  9:50  Drone x2  
  148  9:53  Drone  
  148  9:54  Overlord  
  148  9:55  Overlord x2  
  148  9:56  Overlord  
  149  10:03  Overlord  
  149  10:04  Overlord  
  149  10:20  Mutalisk x5  
  159  10:23  Hatchery  
  158  10:32  Zergling x16  
  150  10:45  Zergling x22  
  150  10:49  Roach x2  
  161  10:50  Zergling x4  
  161  10:53  Zergling x2  
  161  11:01  Baneling x5  
  161  11:03  Zergling x8  
  163  11:06  Baneling x2  
  163  11:07  Baneling x5  
  163  11:09  Overlord  
Tags
 
Add a new tag
Caveats
  • Supply blocks, unpowered buildings, or Contaminate may cause inaccurate times.
  • Supply counts are checked every 10 seconds.